 Dungeon Crawl Stone Soup version 0.19.4 (webtiles) character file.

2889 TryAgain the Shield-Bearer (level 9, -17/82 HPs)
             Began as a Deep Dwarf Fighter on Feb 4, 2017.
             Was a Follower of Vehumet.
             Killed by the air
             ... invoked by Gastronok
              (29 damage)
             ... on level 8 of the Dungeon.
             The game lasted 00:24:51 (6788 turns).

TryAgain the Shield-Bearer (Deep Dwarf Fighter)     Turns: 6788, Time: 00:24:52

Health: -17/82     AC: 15    Str: 20    XL:     9   Next: 48%
Magic:  9/9        EV:  8    Int:  9    God:    Vehumet [*.....]
Gold:   442        SH: 11    Dex: 15    Spells: 1 memorised, 7 levels left

rFire  . . .     SeeInvis .     a - +1 war axe
rCold  . . .     Gourm    .     o - +0 chain mail
rNeg   . . .     Faith    .     c - +0 shield
rPois  .         Spirit   .     s - +2 helmet
rElec  .         Reflect  .     (no cloak)
rCorr  +         Harm     .     V - +0 pair of gloves
MR     ++...                    (no boots)
Stlth  ..........               (no amulet)
                                y - ring of protection from magic
                                v - ring of resist corrosion

@: non-regenerating, drained
A: damage resistance, recharge devices, sense surroundings 2, slow regeneration
3
a: Device Recharging, Renounce Religion


You were on level 8 of the Dungeon.
You worshipped Vehumet.
Vehumet was aware of your devotion.
You were not hungry.

You visited 2 branches of the dungeon, and saw 9 of its levels.

You collected 442 gold pieces.

Inventory:

Hand Weapons
 a - a +1 war axe (weapon)
 A - a +0 blowgun
Missiles
 B - 44 poisoned needles
Armour
 c - a +0 shield (worn)
 o - a +0 chain mail (worn)
 r - a +1 helmet
 s - a +2 helmet (worn)
 C - a +0 plate armour
 N - a +10 plate armour of ponderousness
 V - a +0 pair of gloves (worn)
Jewellery
 b - a +3 ring of protection {unknown}
 v - a ring of resist corrosion (left hand)
 y - a ring of protection from magic (right hand)
 P - a +2 ring of evasion {unknown}
 R - an uncursed ring of fire {unknown}
Wands
 e - a wand of heal wounds (0/9)
 u - a wand of random effects (14/48)
 z - a wand of disintegration (3/24)
 J - a wand of flame (34/48)
 M - a wand of flame (22/48)
 O - a wand of confusion (18/48)
 T - a wand of teleportation (6/9)
 W - a wand of slowing (21/48)
Scrolls
 g - 2 scrolls of teleportation
 h - 2 scrolls of amnesia
 l - a scroll of identify
 m - 8 scrolls of enchant weapon
 n - 3 scrolls of magic mapping {unknown}
 t - 3 scrolls of immolation {unknown}
 x - 6 scrolls of remove curse {unknown}
 E - a scroll of fear {unknown}
 F - a scroll of fog {unknown}
Potions
 i - 2 potions of magic
 k - a potion of heal wounds
 p - 2 potions of cure mutation
 q - 2 potions of berserk rage
 w - a potion of resistance
 G - a potion of invisibility
 H - 5 potions of curing
 K - a potion of mutation
 L - a potion of haste
 Q - a potion of flight
 S - a potion of lignification {unknown}
Books
 j - a book of Maledictions

   Spells                             Type                      Level
   a - Corona                         Hexes                        1
   b - Ensorcelled Hibernation        Hexes/Ice                    2
   c - Confuse                        Hexes                        3
   d - Tukima's Dance                 Hexes                        3
   e - Dazzling Spray                 Conjuration/Hexes            3
Comestibles
 d - 2 meat rations
 f - 5 bread rations
 D - a beef jerky
 I - 7 fruits
 U - 3 chunks of flesh


   Skills:
 + Level 6.3(6.2) Fighting
 + Level 7.6(7.5) Axes
 + Level 7.7(7.6) Armour
 + Level 2.7(2.6) Dodging
 + Level 7.9(7.8) Shields


You had 7 spell levels left.
You knew the following spells:

 Your Spells              Type           Power        Failure   Level  Hunger
a - Shock                 Conj/Air       #...         100%        1    ##.....


Dungeon Overview and Level Annotations

Branches:
Dungeon (8/15)             Temple (1/1) D:6
   Lair: D:8-11

Altars:
Ashenzari
Cheibriados
Dithmenos
Elyvilon
Fedhas
Gozag
Hepliaklqana
Kikubaaqudgha
Makhleb
Nemelex Xobeh
Okawaru
Qazlal
Ru
Sif Muna
Trog
Uskayaw
Vehumet
Xom
Yredelemnul
Zin
The Shining One

Shops:
D:8 }

Annotations:
D:8 Gastronok


Innate Abilities, Weirdness & Mutations

You are resistant to damage.
You can recharge devices by infusing magical energy.
You passively map the area around you.
You do not regenerate.


Message History

Gastronok is moderately wounded.
Gastronok chants a spell, wobbling all the while.
You hit Gastronok.
Gastronok is heavily wounded.
You slash the river rat! You block the river rat's attack.
Your shield and chain mail prevent you from hitting Gastronok.
Gastronok is heavily wounded.
You hit the river rat but do no damage. You block the river rat's attack.
Gastronok bites you!
* * * LOW HITPOINT WARNING * * *
You slash Gastronok!
Gastronok is heavily wounded.
You closely miss the river rat. The river rat closely misses you.
You hit Gastronok but do no damage.
Gastronok is heavily wounded.
Your shield and chain mail prevent you from hitting the river rat.
You block the river rat's attack.
Gastronok waves his eye-stalks in wide circles.
The air twists around and strikes you!
You die...

#.#.#
##.##.#####...##
#.#.#
#.....<........
#...
##.............
#!.
.......##.......#
#.#
#####..##.......#
#.######
#............
#....rb#
#.###.......#
######w# #.#
#.......# #@# #.#
#....)..#
#r####.######...).
#.............####
######......).# #
######..(####
#...((.. #.#..###
#.##.# #.##.#


You could see Gastronok, a river rat, a bat and a rat.

Vanquished Creatures
  A hippogriff (D:8)
  A wyvern (D:8)
  Eustachio (D:5)
  A hungry ghost (D:8)
  Duvessa (D:4)
  An orc warrior (D:8)
  2 ice beasts
  2 black bears
  A phantom (D:6)
  4 centaurs
  A bullfrog (D:6)
  Dowan (D:4)
  4 scorpions
  A howler monkey (D:5)
  2 crimson imps
  A centaur zombie (D:3)
  2 quasits
  4 hounds
  A jelly (D:8)
  A centaur skeleton (D:7)
  An orc priest (D:4)
  2 bullfrog skeletons
  3 orc wizards
  4 worker ants
  A hound skeleton (D:8)
  A hound zombie (D:6)
  11 gnolls
  10 adders
  2 shadow imps
  An ooze (D:1)
  2 adder skeletons
  A dart slug (D:1)
  7 leopard geckos
  19 orcs
  A giant cockroach (D:2)
  10 goblins
  8 hobgoblins
  9 jackals
  3 quokkas
  2 ball pythons
  12 bats
  2 frilled lizards (D:4)
  A jackal skeleton (D:5)
  6 kobolds
  2 quokka zombies (D:6)
  7 rats
161 creatures vanquished.

Notes
Turn   | Place    | Note
-------+----------+-------------------------------------------
     0 | D:1      | TryAgain the Deep Dwarf Fighter began the quest for the Orb.
     0 | D:1      | Reached XP level 1. HP: 20/20 MP: 1/1
   175 | D:1      | Reached XP level 2. HP: 24/27 MP: 2/2
   286 | D:1      | Reached XP level 3. HP: 22/33 MP: 3/3
  1098 | D:2      | Reached XP level 4. HP: 24/42 MP: 4/4
  1172 | D:2      | Found a faded altar of an unknown god.
  1453 | D:3      | Reached XP level 5. HP: 17/49 MP: 5/5
  2239 | D:4      | Noticed Duvessa
  2240 | D:4      | Noticed Dowan
  2251 | D:5      | Entered Level 5 of the Dungeon
  2372 | D:5      | Reached XP level 6. HP: 13/57 MP: 6/6
  2472 | D:5      | Noticed Eustachio
  2512 | D:5      | Killed Eustachio
  2512 | D:5      | Reached skill level 5 in Armour
  2512 | D:5      | Reached skill level 5 in Shields
  2595 | D:5      | Reached XP level 7. HP: 14/64 MP: 7/7
  3858 | D:4      | Killed Duvessa
  3858 | D:4      | Reached skill level 5 in Axes
  3868 | D:4      | Killed Dowan
  4159 | D:6      | Reached XP level 8. HP: 38/73 MP: 8/8
  4373 | D:6      | Reached skill level 5 in Fighting
  4641 | D:6      | Found a staircase to the Ecumenical Temple.
  4664 | Temple   | Entered the Ecumenical Temple
  4810 | Temple   | Became a worshipper of Vehumet
  6104 | D:8      | Found a sacrificial altar of Ru.
  6192 | D:8      | Gained mutation: You passively map the area around you. [Deep Dwarf growth]
  6192 | D:8      | Reached XP level 9. HP: 71/82 MP: 9/9
  6203 | D:8      | Reached skill level 1 in Dodging
  6371 | D:8      | Reached * piety under Vehumet
  6371 | D:8      | Offered knowledge of Shock by Vehumet.
  6374 | D:8      | Learned a level 1 spell: Shock
  6404 | D:8      | Found Doanugiami's Quality Used Wands.
  6759 | D:8      | Noticed Gastronok
  6788 | D:8      | Killed from afar by Gastronok

Skill      XL: |  1  2  3  4  5  6  7  8  9 |
---------------+----------------------------+-----
Fighting       | 3 4 5 6 |  6.3
Axes           | 3 4 5 7 |  7.6
Shields        | 4 5 6 7 |  7.9
Armour         | 4 5 7 |  7.7
Dodging        | 2 |  2.7

Action                   |  1- 3 |  4- 6 |  7- 9 || total
-------------------------+-------+-------+-------++-------
Melee: War axe           |   163 |   183 |   467 ||   813
Evoke: Wand              |       |     3 |    17 ||    20
  Use: Potion            |       |     2 |     2 ||     4
       Scroll            |       |       |    14 ||    14
  Eat: Chunk             |     1 |     5 |    13 ||    19
       Royal jelly       |       |       |     1 ||     1
       Pizza             |       |       |     1 ||     1
Armor: Scale mail        |    31 |       |       ||    31
       Chain mail        |    74 |   139 |   237 ||   450
Dodge: Dodged            |    46 |    51 |   116 ||   213
Block: Shield            |    98 |   141 |   258 ||   497
